[ AOE2 MATCH · #463573409 ]
Team RMMagyars vs Maya
[ REPLAY ANALYSIS · EXTRACTED FROM THE RECORDED GAME ]
Feudal
—
Castle
—
Imperial
—
| APM avg | 9.3 |
| APM peak | 14 |
| eAPM avg | 7.1 |
| Villagers / military | 5 / 0 |
Focus
⚔️ 12.5% · 🌾 87.5%
Feudal
—
Castle
—
Imperial
—
| APM avg | 11.5 |
| APM peak | 20 |
| eAPM avg | 8.7 |
| Villagers / military | 6 / 0 |
Focus
⚔️ 0.0% · 🌾 100.0%
Feudal
—
Castle
—
Imperial
—
| APM avg | 22.9 |
| APM peak | 26 |
| eAPM avg | 7.1 |
| Villagers / military | 5 / 0 |
Focus
⚔️ 0.0% · 🌾 100.0%
Feudal
—
Castle
—
Imperial
—
| APM avg | 19.1 |
| APM peak | 25 |
| eAPM avg | 9.8 |
| Villagers / military | 4 / 0 |
Focus
⚔️ 18.2% · 🌾 81.8%
Feudal
—
Castle
—
Imperial
—
| APM avg | 4.4 |
| APM peak | 8 |
| eAPM avg | 4.4 |
| Villagers / military | 3 / 0 |
Focus
⚔️ 0.0% · 🌾 100.0%
Feudal
—
Castle
—
Imperial
—
| APM avg | 9.8 |
| APM peak | 14 |
| eAPM avg | 9.3 |
| Villagers / military | 4 / 0 |
Focus
⚔️ 0.0% · 🌾 100.0%
Match map
Resources at game start + every placement click. Thick line = wall · dashed box = detected house wall. 🟡 gold · ⚪ stone · 🟢 berries · 🔶 boar · ⭕ relic
Inputs per minute
— GujuratiRundy - - luke.equis
Build order — GujuratiRundy
7 actions detected in the replay
| 0:30 | Create | Villager (Male) ×4 |
| 0:30 | Create | Villager (Male) |
| 0:45 | Build | House |
| 0:47 | Build | House |
| 0:51 | Build | House |
| 0:54 | Build | House |
| 1:05 | Research | Loom |
Build order — luke.equis
11 actions detected in the replay
| 0:15 | Create | Villager (Male) |
| 0:15 | Create | Villager (Male) |
| 0:16 | Research | Loom |
| 0:17 | Create | Villager (Male) |
| 0:17 | Create | Villager (Male) |
| 0:17 | Create | Villager (Male) |
| 0:18 | Create | Villager (Male) |
| 0:29 | Build | House |
| 0:31 | Build | House |
| 0:32 | Build | House |
| 0:34 | Build | House |
Build order — johnalexmu12
7 actions detected in the replay
| 0:02 | Create | Villager (Male) |
| 0:02 | Create | Villager (Male) |
| 0:02 | Create | Villager (Male) |
| 0:02 | Create | Villager (Male) |
| 0:03 | Create | Villager (Male) |
| 0:10 | Build | House |
| 0:40 | Build | House |
Build order — Heyver:D
7 actions detected in the replay
| 0:02 | Create | Villager (Male) |
| 0:05 | Build | House |
| 0:08 | Build | House |
| 0:13 | Build | House |
| 0:46 | Create | Villager (Male) |
| 0:58 | Create | Villager (Male) |
| 1:30 | Create | Villager (Male) |
Build order — cyborg
5 actions detected in the replay
| 0:37 | Create | Villager (Male) |
| 0:37 | Create | Villager (Male) |
| 0:38 | Create | Villager (Male) |
| 0:39 | Build | House |
| 0:43 | Build | House |
Build order — PERROSUCIO
6 actions detected in the replay
| 0:03 | Create | Villager (Male) |
| 0:03 | Create | Villager (Male) |
| 0:04 | Create | Villager (Male) |
| 0:04 | Create | Villager (Male) |
| 0:09 | Build | House |
| 0:40 | Build | House |
Match timeline
| 0:48 | cyborg · resign |
[ AI ANALYSIS · 1 CREDIT ]
What really happened in this match?
Wolo.gg analyzes every decision: build order, eco, micro, common mistakes by bracket. Personalized analysis on WhatsApp or Discord in 30 seconds.
Civ guide
Magyars
Map guide
Arena
Perfil
Jugador #12624289